 Dungeon Crawl Stone Soup version 0.18-a0-1542-g9c1a92e (console) character file.

10274 Liam the Thaumaturge (level 11, 0/54 HPs)
             Began as a Deep Elf Conjurer on Mar 10, 2016.
             Slain by Snorg (17 damage)
             ... on level 11 of the Dungeon.
             The game lasted 00:20:49 (9626 turns).

Liam the Thaumaturge (Deep Elf Conjurer)            Turns: 9626, Time: 00:20:49

Health: 0/54       AC:  5    Str:  5    XL:     11   Next: 34%
Magic:  12/30      EV: 13    Int: 28    God:
Gold:   641        SH:  0    Dex: 15    Spells: 3 memorised, 27 levels left

rFire  . . .     SeeInvis .     (no weapon)
rCold  . . .     Gourm    .     F - +0 robe (curse)
rNeg   + . .     Faith    .     (no shield)
rPois  .         Spirit   .     x - +0 hat
rElec  .         Dismiss  .     U - +1 cloak
rCorr  .         Reflect  .     (no gloves)
SustAt .         Harm     .     V - +0 pair of boots
MR     +....                    l - amulet of magic regeneration
Stlth  ++........               L - +4 ring of intelligence
                                T - ring of positive energy

@: somewhat resistant to hostile enchantments, unstealthy
A: no striking features
a: no special abilities


You were on level 11 of the Dungeon.
You were hungry.

You visited 1 branch of the dungeon, and saw 11 of its levels.

You collected 641 gold pieces.

Inventory:

Armour
 x - a +0 hat (worn)
 y - the +0 leather armour of the First Snow {rPois Str+2}
   (You found it on level 4 of the Dungeon)

   It affects your strength (+2).
   It protects you from poison.
 F - a cursed +0 robe (worn)
 U - a +1 cloak (worn)
 V - a +0 pair of boots (worn)
Jewellery
 f - an uncursed amulet of inaccuracy
 j - a +3 ring of protection
 l - an amulet of magic regeneration (around neck)
 r - an uncursed amulet of guardian spirit
 u - a +2 amulet of reflection
 A - a +2 ring of protection
 L - a +4 ring of intelligence (right hand)
 S - an uncursed ring of flight
 T - a ring of positive energy (left hand)
Wands
 a - a wand of digging (1/24)
 q - a wand of lightning (0/15)
 H - a wand of disintegration (5/24)
 J - a wand of iceblast (6/15)
 M - a wand of random effects (26/48)
Scrolls
 d - a scroll of blinking
 h - 3 scrolls of amnesia
 o - 3 scrolls of immolation
 s - 11 scrolls of identify
 t - 4 scrolls of enchant armour
 w - 6 scrolls of remove curse
 B - 5 scrolls of recharging {unknown}
 E - 5 scrolls of magic mapping {unknown}
 K - 2 scrolls of fear
 N - a scroll of teleportation {unknown}
 P - a scroll of enchant weapon {unknown}
 Q - 2 scrolls of vulnerability {unknown}
 Y - a scroll of silence {unknown}
Potions
 e - 2 potions of brilliance {unknown}
 g - 4 potions of heal wounds {unknown}
 n - a potion of cancellation {unknown}
 p - 4 potions of cure mutation {unknown}
 z - a potion of agility {unknown}
 C - 2 potions of might {unknown}
 G - 2 potions of invisibility {unknown}
 I - a potion of degeneration {unknown}
 O - 3 potions of haste
 R - a potion of flight {unknown}
 W - 2 potions of mutation {unknown}
 X - a potion of curing {unknown}
Books
 b - a book of Conjurations

   Spells                             Type                      Level
   a - Magic Dart                     Conjuration                  1
   b - Searing Ray                    Conjuration                  2
   c - Dazzling Spray                 Conjuration/Hexes            3
   d - Fulminant Prism                Conjuration/Hexes            4
   e - Iskenderun's Mystic Blast      Conjuration                  4
   f - Iskenderun's Battlesphere      Conjuration/Charms           5
 k - a book of Unlife

   Spells                             Type                      Level
   a - Recall                         Summoning/Translocation      3
   b - Animate Dead                   Necromancy                   4
   c - Control Undead                 Necromancy                   4
   d - Cigotuvi's Embrace             Necromancy                   5
   e - Death Channel                  Necromancy                   6
   f - Simulacrum                     Ice/Necromancy               6
 D - the Reference Book on Attacks and the Volcanoes
   (You found it on level 5 of the Dungeon)

   Spells                             Type                      Level
   a - Mephitic Cloud                 Conjuration/Poison/Air       3
   b - Force Lance                    Conjuration/Translocation    4
   c - Bolt of Fire                   Conjuration/Fire             6
   d - Delayed Fireball               Conjuration/Fire             7
Comestibles
 c - 8 bread rations
 i - a fruit
 m - a royal jelly
 v - 8 meat rations


   Skills:
 - Level 2.4 Dodging
 - Level 2.4 Stealth
 + Level 13.9 Spellcasting
 + Level 12.3 Conjurations
 + Level 12.8 Charms


You had 27 spell levels left.
You knew the following spells:

 Your Spells              Type           Power        Failure   Level  Hunger
a - Magic Dart            Conj           ####         1%          1    None
p - Iskenderun's Battles  Conj/Chrm      ######..     1%          5    #......
x - Iskenderun's Mystic   Conj           ######..     1%          4    None


Dungeon Overview and Level Annotations

Branches:
Dungeon (11/15)            Temple (0/1) D:7            Lair (0/8) D:10
    Orc: D:9-12

Altars:
Dithmenos
Elyvilon
Pakellas
Qazlal
Ru
Xom

Shops:
D:4 (   D:6 [

Annotations:
D:11 Snorg


Message History

The orb of energy explodes!
Your battlesphere fires!
The barrage of energy hits Snorg.
Snorg is heavily wounded.
Your battlesphere expends the last of its energy and dissipates.
Snorg misses you. Snorg claws you. x2
Casting: Iskenderun's Mystic Blast
Confirm with . or Enter, or press ? or * to list all spells.
Aiming: Iskenderun's Mystic Blast
Press: ? - help, Shift-Dir - straight line, f/p - Snorg
Aim: Snorg (heavily wounded)
The orb of energy hits Snorg.
Snorg is severely wounded.
Snorg bites you! Snorg misses you. Snorg closely misses you.
Unknown command.
Snorg goes berserk!
Casting: Iskenderun's Mystic Blast
Confirm with . or Enter, or press ? or * to list all spells.
You conjure a globe of magical energy.
Snorg bites you! Snorg claws you! x2
You die...

##†## ##. #.# ##.. #.#
#... . ##.## #... #.####
##...## #.##
......#####.....########.#
.........###.......[..##.#
.........####.#.#####.##.#
...../...T@.*............#
.#.##.#.§####.#.#####.####
......# #†#.#####.#
.....#.## #.#.......#
##......# #.#########
######## #.### ##...##
######.....#
#..........##########


You could see Snorg (berserk) and a friendly battlesphere.

Vanquished Creatures
  An unseen horror (D:11)
  3 hill giants (D:10)
  Pikel (D:7)
  The ghost of Cenon the Archer, a novice HEHu of Okawaru (D:6)
  A centaur skeleton (D:9)
  2 trolls (D:10)
  A merfolk (D:10)
  Grinder (D:3)
  A shadow (D:11)
  2 yaks (D:10)
  A wyvern (D:11)
  2 hungry ghosts (D:9)
  A hippogriff (D:10)
  Duvessa (D:5)
  3 water moccasins
  An ice beast (D:10)
  2 sky beasts
  4 slaves (D:7)
  2 black bears
  A necrophage (D:10)
  6 orc warriors
  2 ogres (D:5)
  2 centaurs
  2 crocodiles
  8 giant frogs
  2 big kobolds
  2 scorpions
  A water moccasin skeleton (D:7)
  Dowan (D:5)
  5 killer bees (D:11)
  11 wights
  A giant frog zombie (D:9)
  12 crimson imps
  7 hounds
  2 jellies
  9 orc priests
  A quasit (D:7)
  2 giant frog skeletons (D:8)
  9 orc wizards
  Natasha (thrice) (D:2)
  2 iguanas
  5 worker ants
  2 sheep (D:11)
  A hound skeleton (D:10)
  2 worker ant zombies
  A howler monkey skeleton (D:5)
  12 adders
  3 gnolls (D:2)
  3 river rats (D:10)
  4 shadow imps
  An ooze (D:2)
  2 adder skeletons
  An adder zombie (D:8)
  2 worms
  A dart slug (D:3)
  8 giant geckos
  33 orcs
  2 giant cockroaches
  4 hobgoblins
  7 jackals
  17 kobolds
  6 quokkas
  A ball python (D:4)
  13 bats
  A giant cockroach zombie (D:6)
  A giant gecko zombie (D:5)
  5 giant newts
  3 goblins
  A quokka skeleton (D:5)
  A quokka zombie (D:7)
  12 rats
  A fungus (D:10)
278 creatures vanquished.

Vanquished Creatures (others)
  3 sheep (D:11)
  4 fungi (D:10)
7 creatures vanquished.

Grand Total: 285 creatures vanquished

Notes
Turn   | Place    | Note
--------------------------------------------------------------
     0 | D:1      | Liam the Deep Elf Conjurer began the quest for the Orb.
     0 | D:1      | Reached XP level 1. HP: 10/10 MP: 6/6
   210 | D:1      | Reached XP level 2. HP: 15/15 MP: 6/8
   844 | D:2      | Reached skill level 4 in Spellcasting
   969 | D:2      | Reached skill level 5 in Conjurations
   969 | D:2      | Reached XP level 3. HP: 19/19 MP: 3/10
  1158 | D:2      | Reached XP level 4. HP: 17/24 MP: 0/12
  1304 | D:2      | Noticed Natasha
  1309 | D:2      | Killed Natasha
  1309 | D:2      | Reached skill level 5 in Spellcasting
  1426 | D:2      | Noticed Natasha
  1430 | D:2      | Killed Natasha
  1430 | D:2      | Reached XP level 5. HP: 28/28 MP: 6/15
  1549 | D:2      | Noticed Natasha
  1552 | D:2      | Killed Natasha
  1958 | D:3      | Reached skill level 6 in Spellcasting
  1959 | D:3      | Noticed Grinder
  1985 | D:3      | Killed Grinder
  1985 | D:3      | Reached skill level 7 in Spellcasting
  1985 | D:3      | Reached XP level 6. HP: 13/32 MP: 9/18
  2308 | D:3      | Learned a level 4 spell: Iskenderun's Mystic Blast
  2314 | D:3      | Learned a level 5 spell: Iskenderun's Battlesphere
  2598 | D:3      | Found a shadowy altar of Dithmenos.
  2598 | D:3      | Found a white marble altar of Elyvilon.
  2602 | D:3      | Found a sacrificial altar of Ru.
  2877 | D:4      | Got a smoking leather armour
  2881 | D:4      | Identified the cursed +0 leather armour of the First Snow {rPois Str+2} (You found it on level 4 of the Dungeon)
  3016 | D:4      | Reached skill level 1 in Charms
  3016 | D:4      | Reached XP level 7. HP: 36/36 MP: 16/20
  3066 | D:4      | Found an oddly glowing altar of Pakellas.
  3326 | D:4      | Found Azoe's Antique Weapon Shoppe.
  3757 | D:5      | Entered Level 5 of the Dungeon
  3765 | D:5      | Reached skill level 8 in Spellcasting
  4139 | D:5      | Reached XP level 8. HP: 41/41 MP: 8/22
  4266 | D:5      | Identified the Reference Book on Attacks and the Volcanoes
  4419 | D:5      | Noticed Dowan
  4421 | D:5      | Noticed Duvessa
  4425 | D:5      | Killed Dowan
  4425 | D:5      | Reached skill level 5 in Charms
  4429 | D:5      | Killed Duvessa
  4429 | D:5      | Reached skill level 9 in Spellcasting
  4791 | D:6      | Found a sacrificial altar of Ru.
  4915 | D:6      | Noticed Cenon's ghost (novice HEHu)
  4924 | D:6      | Killed Cenon's ghost
  4924 | D:6      | Reached skill level 10 in Spellcasting
  5282 | D:6      | Reached XP level 9. HP: 45/45 MP: 13/25
  5624 | D:6      | Found Soeven's Armour Shoppe.
  5728 | D:7      | Found a stormy altar of Qazlal.
  5750 | D:7      | Found a staircase to the Ecumenical Temple.
  6200 | D:7      | Noticed Pikel
  6230 | D:7      | Killed Pikel
  6230 | D:7      | Reached skill level 11 in Spellcasting
  6230 | D:7      | Reached skill level 10 in Conjurations
  6976 | D:9      | Reached skill level 10 in Charms
  6976 | D:9      | Reached XP level 10. HP: 50/50 MP: 19/27
  7216 | D:9      | Reached skill level 12 in Spellcasting
  7638 | D:10     | Entered Level 10 of the Dungeon
  7657 | D:10     | Noticed a hill giant
  7667 | D:10     | Killed a hill giant
  8000 | D:10     | Noticed a hill giant
  8011 | D:10     | Killed a hill giant
  8295 | D:10     | Reached skill level 13 in Spellcasting
  8480 | D:10     | Noticed a hill giant
  8487 | D:10     | Killed a hill giant
  8487 | D:10     | Reached XP level 11. HP: 47/54 MP: 15/30
  8799 | D:10     | Found a staircase to the Lair.
  8919 | D:11     | Killed an unseen horror
  9252 | D:11     | Found a shimmering altar of Xom.
  9618 | D:11     | Noticed Snorg
  9626 | D:11     | Slain by Snorg

Vault maps used:
D:1:      minmay_arrival_arboretum_large, monster_avoids_cloud
D:2:      eino_curves_03, uniq_natasha
D:3:      nicolae_overflow_hidden_temple, uniq_grinder
D:4:      serial_shops, shop, johnstein_pakellas_dig
D:5:      first_bread, amethyst_killhole, uniq_duvessa
D:6:      serial_shops, kennysheep_little_box, nicolae_ru_sacrificial_ziggurat
D:7:      grunt_qazlal_clouds, minmay_temple_entry_enclosed_plants, uniq_pikel
D:10:     grunt_lair_entry_orc_guard_hut, hangedman_fish_farm
D:11:     kb_xom_exploding_sheep, uniq_snorg

Skill      XL: |  1  2  3  4  5  6  7  8  9 10 11 |
---------------+----------------------------------+-----
Spellcasting   | 4 5 7 8 10 11 13 | 13.9
Conjurations   | 5 6 7 8 9 10 11 12 | 12.3
Charms         | 1 4 7 10 12 | 12.8
Dodging        | |  2.4
Stealth        | |  2.4

Action                   |  1- 3 |  4- 6 |  7- 9 | 10-12 || total
-------------------------+-------+-------+-------+-------++-------
Melee: Unarmed           |     1 |       |       |     5 ||     6
 Cast: Magic Dart        |    81 |   130 |   239 |   145 ||   595
       Iskenderun's Myst |       |       |    19 |    45 ||    64
       Iskenderun's Batt |       |       |    35 |    46 ||    81
Evoke: Wand              |       |     4 |       |       ||     4
  Use: Scroll            |       |     4 |     3 |       ||     7
  Eat: Chunk             |       |     6 |    16 |    10 ||    32
       Fruit             |       |       |     1 |     1 ||     2
